 Dungeon Crawl Stone Soup version 0.22-a0-135-g6f012ad (webtiles) character file.

62101 Klosterheim the Spear-Bearer (level 14, -6/113 HPs)
             Began as a Demonspawn Monk on Jan 30, 2018.
             Was an Elder of Makhleb.
             Mangled by an orc warrior
             ... wielding a +0 scimitar of holy wrath
             ... led by an orc warlord
              (12 damage)
             ... on level 1 of the Orcish Mines on Jan 31, 2018.
             The game lasted 01:43:28 (38308 turns).

Klosterheim the Spear-Bearer (Demonspawn Monk)     Turns: 38308, Time: 01:43:33

Health: -6/113     AC: 21    Str: 16    XL:     14   Next: 63%
Magic:  0/22       EV: 13    Int: 16    God:    Makhleb [****..]
Gold:   1730       SH:  0    Dex: 17    Spells: 11/17 levels left

rFire    + . .     SeeInvis +   z - +0 glaive of Evisceration {chop, Int+2 SInv}
rCold    x . .     Gourm    .   (shield currently unavailable)
rNeg     . . .     Faith    .   a - +0 chain mail
rPois    .         Spirit   +   (no helmet)
rElec    .         Reflect  .   b - +1 cloak
rCorr    .         Harm     .   G - +0 pair of gloves
MR       ++...                  (no boots)
Stlth    ..........             q - amulet of guardian spirit
HPRegen  0.28/turn              Q - ring "Nuigra" {rF+ rC- EV+1 Int+3 Slay+3}
MPRegen  0.18/turn              M - ring of protection from magic

@: confused, lethally poisoned (-6 -> -7), sanguine armour
A: talons 2, foul stench 2, nightstalker 1, rot immunity, sanguine armour 1
a: Minor Destruction, Lesser Servant of Makhleb, Major Destruction, Renounce
Religion


You were on level 1 of the Orcish Mines.
You worshipped Makhleb.
Makhleb was greatly pleased with you.
You were not hungry.

You visited 4 branches of the dungeon, and saw 22 of its levels.
You also visited: Labyrinth.

You collected 2030 gold pieces.
You spent 300 gold pieces at shops.

Inventory:

Hand Weapons
 s - a +0 trident
 v - a +1 halberd
 z - the +0 glaive of Evisceration (weapon) {chop, Int+2 SInv}
   (You took it off a minotaur in a labyrinth)

   It inflicts extra damage upon your enemies.
   It affects your intelligence (+2).
   It lets you see invisible.
Armour
 a - a +0 chain mail (worn)
 b - a +1 cloak (worn)
 l - a +0 plate armour
 G - a +0 pair of gloves (worn)
Jewellery
 d - an uncursed amulet of the gourmand
 f - a +3 ring of evasion
 h - an uncursed ring of wizardry
 k - a +2 ring of evasion
 q - an amulet of guardian spirit (around neck)
 M - a ring of protection from magic (right hand)
 N - an uncursed ring of see invisible
 P - the ring "Qesch" {Fire rElec}
   (You found it in a labyrinth)

   [ring of fire]

   It enhances your fire magic.
   It protects you from fire.
   It makes you vulnerable to cold.
   It insulates you from electricity.
 Q - the ring "Nuigra" (left hand) {rF+ rC- EV+1 Int+3 Slay+3}
   (You found it in a labyrinth)

   [ring of evasion]

   It affects your evasion (+1).
   It affects your intelligence (+3).
   It affects your accuracy and damage with ranged weapons and melee attacks
   (+3).
   It protects you from fire.
   It makes you vulnerable to cold.
Wands
 g - a wand of acid (8)
 m - a wand of flame (23)
 y - a wand of polymorph (10)
 A - a wand of iceblast (5)
 C - a wand of clouds (4)
 F - a wand of random effects (4)
 U - a wand of digging (13)
Scrolls
 o - 5 scrolls of remove curse
 p - a scroll of fog
 t - 10 scrolls of identify
 B - a scroll of amnesia
 H - a scroll of blinking
 J - 3 scrolls of enchant weapon
 K - a scroll of summoning
 R - a scroll of teleportation
 S - 3 scrolls of enchant armour
Potions
 e - 3 potions of flight
 i - 3 potions of mutation
 j - 2 potions of curing
 n - 2 potions of might
 x - 2 potions of brilliance
Books
 V - a book of Battle

   Spells                             Type                      Level
   a - Infusion                       Charms                       1
   b - Shroud of Golubria             Charms/Translocation         2
   c - Song of Slaying                Charms                       2
   d - Spectral Weapon                Hexes/Charms                 3
   e - Regeneration                   Charms/Necromancy            3
Miscellaneous
 X - a lamp of fire
Comestibles
 c - 32 rations


   Skills:
 + Level 11.1 Fighting
 * Level 14.6 Polearms
 + Level 9.1 Armour
 + Level 9.2 Dodging
 - Level 5.0 Stealth
 - Level 2.0 Spellcasting
 - Level 2.0 Charms
 - Level 2.0 Translocations
 - Level 2.0 Transmutations
 - Level 2.0 Air Magic
 - Level 2.0 Earth Magic
 + Level 11.1 Invocations


You had 11 spell levels left.
You knew the following spells:

 Your Spells              Type           Power        Failure   Level  Hunger
a - Blink                 Tloc           N/A          83%         2    ###....
b - Swiftness             Chrm/Air       #.......     83%         2    ###....
c - Passwall              Tmut/Erth      #.........   83%         2    ###....


Dungeon Overview and Level Annotations

Branches:
Dungeon (13/15)            Temple (1/1) D:4            Lair (6/6) D:9
  Swamp (0/4) Lair:3        Snake (0/4) Lair:3        Slime (0/5) Lair:5
    Orc (2/2) D:10            Elf (0/3) Orc:2
 Vaults: D:13-14

Altars:
Ashenzari
Cheibriados
Dithmenos
Elyvilon
Fedhas
Gozag
Hepliaklqana
Kikubaaqudgha
Makhleb
Nemelex Xobeh
Okawaru
Qazlal
Ru
Trog
Uskayaw
Vehumet
Wu Jian
Xom
Yredelemnul
Zin
The Shining One
Beogh

Shops:
D:10 =   D:11 (:(

Annotations:
Lair:3 exclusion: 3 oklob plants


Innate Abilities, Weirdness & Mutations

You have razor-sharp toenails.
You frequently emit foul miasma when damaged in melee.
You are slightly more attuned to the shadows.
You are immune to rotting.
When seriously injured, your bleeding wounds create armour. (AC +6)


Message History

The orc warrior is engulfed in dark miasma.
The orc warrior is poisoned.
The orc warrior hits you with a scimitar of holy wrath.
* * * LOW HITPOINT WARNING * * *
You convulse.
* * * LOW HITPOINT WARNING * * *
The orc warrior barely misses you.
The orc warrior is engulfed in dark miasma.
The orc warrior looks even sicker.
The orc warrior misses you.
The orc warrior is engulfed in dark miasma.
The orc warrior looks even sicker.
You feel sick.
You are confused.
You feel invigorated. The orc warrior hits you with a mace!
* * * LOW HITPOINT WARNING * * *
The orc warrior looks sick.
The orc warrior hits you with a scimitar of holy wrath!
* * * LOW HITPOINT WARNING * * *
You convulse!
You die...

...#####...# ###.#...##
.....##.#.####........#
...........##........## ###
..#.....#.####........####.##
......##....##.........##...##
..#...)).....................#
..#.#.)..#...................####
......[...........#............##
..#.....#......o@.........#......
...#............o.........#.....#
.........................##..#.##
.........................#...###
...........[>..<........###...#
............[[..........#.#..##
...............[..............#
..........................#..##
.............................##


You could see 2 orc warriors.

Vanquished Creatures
  2 entropy weavers
  Nessos (Lair:6)
  Josephine (Orc:1)
  Snorg (D:10)
  A minotaur (Lab)
  4 hydras
  4 two-headed ogres
  Urug (Lair:2)
  7 death yaks
  A queen ant (Lair:5)
  Pikel (D:4)
  A deep elf mage (D:13)
  A manticore (D:8)
  A cyclops (D:11)
  2 elephants
  4 ugly things
  3 black mambas
  7 spiny frogs
  2 torpor snails (Lair:3)
  7 komodo dragons
  3 rime drakes
  2 trolls (Orc:1)
  3 tyrant leeches (Lair:3)
  3 polar bears
  A queen bee (D:12)
  3 meliai (D:12)
  A hornet (Lair:6)
  2 dream sheep (Lair:6)
  A slime creature (Lair:5)
  8 hippogriffs
  16 blink frogs
  29 yaks
  2 shadows (D:12)
  13 spriggans
  4 wyverns
  5 wraiths
  The ghost of SnubMonkey the Shooter, an amateur CeHu (D:4)
  5 basilisks
  4 vampire mosquitoes (D:12)
  A warg (Orc:2)
  An acid dragon (D:12)
  9 water moccasins
  6 soldier ants
  8 porcupines
  2 slaves (D:4)
  3 necrophages
  8 orc warriors
  2 sky beasts
  6 ice beasts
  10 ogres
  An eye of draining (D:12)
  5 boggarts (Lair:6)
  6 black bears
  2 phantoms
  28 wolves
  8 centaurs
  10 crocodiles
  17 bullfrogs
  A big kobold (D:10)
  2 wyvern zombies
  A scorpion (D:10)
  9 wights
  29 killer bees
  4 howler monkeys
  A vampire bat (D:9)
  3 bullfrog zombies
  A centaur zombie (D:9)
  5 crimson imps
  3 bullfrog skeletons
  4 hounds
  6 jellies
  17 orc wizards
  Crazy Yiuf (D:2)
  11 orc priests
  A gnoll shaman (D:5)
  Jessica (D:2)
  7 iguanas
  15 worker ants
  A hound zombie (D:9)
  11 adders
  17 gnolls
  A howler monkey skeleton (D:2)
  4 shadow imps
  An ooze (D:1)
  A worm (D:5)
  A dart slug (D:1)
  2 leopard geckos
  57 orcs
  2 ball pythons
  3 bat skeletons (D:9)
  3 bat zombies (D:9)
  2 giant cockroaches
  4 hobgoblins
  14 jackals
  3 quokkas
  2 bats
  5 frilled lizards
  6 goblins
  17 kobolds
  A leopard gecko skeleton (D:5)
  6 rats
  A plant (Lair:1)
578 creatures vanquished.

Vanquished Creatures (collateral kills)
  Erolcha (D:10)
  A hydra (Lair:5)
  A two-headed ogre (D:8)
  Sonja (Orc:2)
  2 elephants (Lair:4)
  Joseph (D:9)
  Maurice (D:8)
  A spiny frog (Lair:5)
  3 komodo dragons
  A troll (Orc:2)
  A tyrant leech (Lair:3)
  A queen bee (D:8)
  A hornet (Lair:5)
  3 blink frogs (Lair:5)
  A yak (Lair:5)
  3 orc warriors
  A wolf (Lair:6)
  2 crocodiles
  6 killer bees (D:8)
  A jelly (Lair:5)
  2 orc wizards (D:8)
  4 orcs
39 creatures vanquished.

Vanquished Creatures (others)
  A hound skeleton (D:10)
  A worker ant zombie (D:10)
  A bush (Lair:4)
  31 fungi
  24 plants
58 creatures vanquished.

Grand Total: 675 creatures vanquished

Notes
Turn   | Place    | Note
-------+----------+-------------------------------------------
     0 | D:1      | Klosterheim the Demonspawn Monk began the quest for the Orb.
     0 | D:1      | Reached XP level 1. HP: 18/18 MP: 1/1
    49 | D:1      | Reached skill level 3 in Polearms
   290 | D:1      | Gained mutation: You are slightly more attuned to the shadows. [demonic ancestry]
   290 | D:1      | Reached XP level 2. HP: 20/24 MP: 2/2
   981 | D:2      | Reached XP level 3. HP: 29/29 MP: 3/3
  1249 | D:2      | Reached skill level 4 in Polearms
  1633 | D:2      | Found a runed door.
  1861 | D:2      | Noticed Jessica
  1871 | D:2      | Killed Jessica
  1871 | D:2      | Reached XP level 4. HP: 34/35 MP: 4/4
  2168 | D:2      | Noticed Crazy Yiuf
  2177 | D:2      | Killed Crazy Yiuf
  2177 | D:2      | Reached skill level 5 in Polearms
  2762 | D:3      | Gained mutation: When seriously injured, your bleeding wounds create armour. (AC +6) [demonic ancestry]
  2762 | D:3      | Reached XP level 5. HP: 40/41 MP: 5/5
  3186 | D:3      | Found an iron altar of Okawaru.
  3455 | D:4      | Found a shadowy altar of Dithmenos.
  3551 | D:4      | Noticed a slave
  3586 | D:4      | Killed a slave
  3694 | D:4      | Noticed SnubMonkey's ghost (amateur CeHu)
  3748 | D:4      | Killed SnubMonkey's ghost
  3748 | D:4      | Reached skill level 6 in Polearms
  3748 | D:4      | Gained mutation: You are immune to rotting. [demonic ancestry]
  3748 | D:4      | Reached XP level 6. HP: 18/47 MP: 6/6
  3945 | D:4      | Noticed a slave
  3992 | D:4      | Killed a slave
  4006 | D:4      | Noticed a slave
  4034 | D:4      | Noticed a slave
  4037 | D:4      | Noticed Pikel
  4590 | D:4      | Found a staircase to the Ecumenical Temple.
  4640 | D:4      | Got a tattered robe
  4656 | D:4      | Identified the +1 robe of Words of Power {rF+ Str+4 Int+3} (You found it on level 4 of the Dungeon)
  4663 | Temple   | Entered the Ecumenical Temple
  4684 | Temple   | Became a worshipper of Makhleb the Destroyer
  4684 | Temple   | Reached * piety under Makhleb
  4684 | Temple   | Reached ** piety under Makhleb
  5097 | D:4      | Killed Pikel
  5097 | D:4      | Reached skill level 7 in Polearms
  5097 | D:4      | Reached skill level 1 in Armour
  5097 | D:4      | Gained mutation: You have sharp toenails. [demonic ancestry]
  5097 | D:4      | Reached XP level 7. HP: 53/53 MP: 7/7
  5240 | D:5      | Entered Level 5 of the Dungeon
  6118 | D:5      | Reached XP level 8. HP: 60/60 MP: 8/8
  6157 | D:5      | Found a snail-covered altar of Cheibriados.
  6560 | D:5      | Found a shimmering altar of Xom.
  6560 | D:5      | Found a sparkling altar of Nemelex Xobeh.
  6600 | D:5      | Reached skill level 1 in Invocations
  6981 | D:5      | Found a snail-covered altar of Cheibriados.
  8092 | D:6      | Reached skill level 8 in Polearms
  8726 | D:6      | Reached *** piety under Makhleb
  8894 | D:6      | Found a blossoming altar of Fedhas.
  9177 | D:7      | Reached XP level 9. HP: 67/67 MP: 12/12
  9256 | D:7      | Reached skill level 5 in Fighting
  9530 | D:7      | Found a shattered altar of Ashenzari.
  9541 | D:7      | Reached skill level 5 in Invocations
 10423 | D:8      | Reached skill level 5 in Dodging
 10687 | D:8      | Reached skill level 9 in Polearms
 10823 | D:8      | Found a radiant altar of Vehumet.
 10844 | D:8      | Noticed a manticore
 10978 | D:8      | Noticed a two-headed ogre
 11004 | D:8      | Killed a two-headed ogre
 11219 | D:8      | Reached XP level 10. HP: 58/76 MP: 11/15
 11942 | D:8      | Reached **** piety under Makhleb
 12006 | D:8      | Noticed Maurice
 12013 | D:8      | Killed Maurice
 12136 | D:8      | Killed a manticore
 13049 | D:9      | Reached skill level 5 in Armour
 13293 | D:9      | Found a staircase to the Lair.
 13455 | D:9      | Found a glowing golden altar of the Shining One.
 13625 | D:9      | Reached skill level 10 in Polearms
 13760 | D:9      | Noticed a two-headed ogre
 13768 | D:9      | Killed a two-headed ogre
 13835 | D:9      | Found an ancient bone altar of Kikubaaqudgha.
 13964 | D:9      | Noticed Joseph
 13983 | D:9      | Killed Joseph
 14097 | D:9      | Noticed a two-headed ogre
 14143 | D:9      | HP: 1/77 [two-headed ogre/giant club (8)]
 14503 | D:8      | Killed a two-headed ogre
 14503 | D:8      | Reached XP level 11. HP: 59/84 MP: 12/18
 14912 | D:9      | Reached skill level 10 in Invocations
 15130 | D:10     | Entered Level 10 of the Dungeon
 15165 | Lair:1   | Entered Level 1 of the Lair of Beasts
 16169 | Lair:1   | Noticed a five-headed hydra
 16881 | Lair:1   | Killed a nine-headed hydra
 16881 | Lair:1   | Reached skill level 11 in Polearms
 16973 | Lair:1   | Learned a level 2 spell: Blink
 18035 | Lair:2   | Noticed Urug
 18061 | Lair:2   | Killed Urug
 18665 | Lair:2   | Learned a level 2 spell: Swiftness
 19267 | Lair:2   | Learned a level 2 spell: Passwall
 19622 | Lair:2   | Reached skill level 5 in Stealth
 19808 | Lair:3   | Noticed a five-headed hydra
 19846 | Lair:3   | Killed a five-headed hydra
 19846 | Lair:3   | Reached skill level 1 in Spellcasting
 19846 | Lair:3   | Reached skill level 1 in Charms
 19846 | Lair:3   | Reached skill level 1 in Air Magic
 19846 | Lair:3   | Gained mutation: You may emit foul miasma when damaged in melee. [demonic ancestry]
 19846 | Lair:3   | Reached XP level 12. HP: 92/92 MP: 20/20
 19868 | Lair:3   | Reached skill level 1 in Translocations
 19868 | Lair:3   | Reached skill level 1 in Transmutations
 19868 | Lair:3   | Reached skill level 1 in Earth Magic
 20842 | Lair:3   | Found a staircase to the Snake Pit.
 21211 | Lair:3   | Found a snail-covered altar of Cheibriados.
 21501 | Lair:3   | Found a staircase to the Swamp.
 22366 | Lair:4   | Noticed an eight-headed hydra
 22383 | Lair:4   | HP: 1/94 [smoke demon/divine providence[the player character] (8)]
 22668 | Lair:4   | Noticed a death yak
 22669 | Lair:4   | Noticed a death yak
 22700 | Lair:3   | Killed an eight-headed hydra
 22700 | Lair:3   | Reached skill level 12 in Polearms
 23027 | Lair:4   | Noticed a death yak
 23057 | Lair:4   | Noticed a death yak
 23116 | Lair:3   | Killed a death yak
 23768 | Lair:4   | Noticed a death yak
 23985 | Lair:3   | Killed a death yak
 24325 | Lair:4   | Noticed a death yak
 24327 | Lair:4   | Noticed a death yak
 24328 | Lair:4   | Noticed a death yak
 24379 | Lair:4   | Killed a death yak
 24540 | Lair:4   | Noticed a death yak
 24575 | Lair:4   | Killed a death yak
 24812 | Lair:4   | Killed a death yak
 24816 | Lair:4   | Killed a death yak
 24816 | Lair:4   | Gained mutation: You have razor-sharp toenails. [demonic ancestry]
 24816 | Lair:4   | Reached XP level 13. HP: 101/101 MP: 18/21
 25310 | Lair:5   | Found a staircase to the Slime Pits.
 25408 | Lair:6   | Entered Level 6 of the Lair of Beasts
 26853 | Lair:5   | Reached skill level 13 in Polearms
 27407 | Lair:6   | Paralysed by a hornet for 3 turns
 27414 | Lair:6   | Paralysed by a hornet for 2 turns
 27419 | Lair:5   | Paralysed by a hornet for 3 turns
 27423 | Lair:5   | Paralysed by a hornet for 1 turns
 28228 | Lair:6   | Noticed an entropy weaver
 28260 | Lair:5   | Killed an entropy weaver
 28928 | Lair:6   | Noticed an entropy weaver
 28939 | Lair:6   | Killed an entropy weaver
 28939 | Lair:6   | Reached skill level 10 in Fighting
 30638 | Lair:6   | Noticed Nessos
 30693 | Lair:6   | Killed Nessos
 31722 | D:10     | Gained mutation: You frequently emit foul miasma when damaged in melee. [demonic ancestry]
 31722 | D:10     | Reached XP level 14. HP: 76/111 MP: 12/22
 31991 | D:10     | Found Gecsaubo's Jewellery Shoppe.
 32005 | D:10     | Bought an uncursed ring of protection from magic for 300 gold pieces
 32754 | D:10     | Found a staircase to the Orcish Mines.
 33272 | D:11     | Found Ceex's Book Boutique.
 33351 | D:11     | Found a labyrinth entrance.
 33407 | D:11     | Reached skill level 14 in Polearms
 33448 | D:11     | Found Toxahe's Antique Weapon Emporium.
 33660 | Lab      | Entered a labyrinth
 34188 | Lab      | Got a faintly glowing glaive {chop}
 34189 | Lab      | Identified the cursed +0 glaive of Evisceration {chop, Int+2 SInv} (You took it off a minotaur in a labyrinth)
 34194 | Lab      | Got a bound copper ring
 34194 | Lab      | Got a warped golden ring
 34220 | D:11     | Identified the ring "Qesch" {Fire rElec} (You found it in a labyrinth)
 34222 | D:11     | Identified the ring "Nuigra" {rF+ rC- EV+1 Int+3 Slay+3} (You found it in a labyrinth)
 34917 | D:11     | Found Rewnaen's Weapon Boutique.
 35334 | D:12     | Reached ***** piety under Makhleb
 36440 | D:12     | Upgraded the game from 0.22-a0-126-g307c7c3 to 0.22-a0-135-g6f012ad
 36524 | Orc:1    | Entered Level 1 of the Orcish Mines
 36540 | Orc:1    | Noticed Erolcha
 36592 | D:10     | Killed Erolcha
 36598 | Orc:1    | Noticed Snorg
 36621 | D:10     | Killed Snorg
 36855 | Orc:1    | Noticed Josephine
 36865 | Orc:1    | Killed Josephine
 37460 | Orc:1    | Found a roughly hewn altar of Beogh.
 37505 | Orc:2    | Entered Level 2 of the Orcish Mines
 37788 | Orc:2    | Found a staircase to the Elven Halls.
 37922 | Orc:2    | Noticed Sonja
 37979 | Orc:2    | Noticed an Executioner
 38289 | Orc:2    | Killed Sonja
 38294 | Orc:2    | Noticed an orc warlord
 38308 | Orc:1    | Mangled by an orc warrior

Vault maps used:
D:1:      dpeg_arrival_line_fractal, minivault_4, hex_intersection,
          minmay_misc_feat_alley, serial_park_tiny_pond
D:2:      uniq_jessica, uniq_crazy_yiuf_cottage
D:3:      okawaru_trees_2
D:4:      nicolae_dithmenos_shadow_blocks, minmay_temple_entry_glass,
          first_ration, uniq_pikel
D:5:      gammafunk_temple_overflow_wave, slow_altar_1,
          hangedman_minor_gate_pass
D:6:      kennysheep_mini
D:7:      nicolae_overflow_crystal_walls
D:8:      vehumet_crystals, david_nohive_1, grunt_ministairs_4, uniq_maurice
D:9:      lemuel_doored_altar, kennysheep_vampire_church, lair_entry_dummy,
          uniq_joseph
D:10:     orc_0_dummy, serial_shops, shop, lemuel_flamethrower_2
D:11:     serial_shops, shop, shop, shop, lab_entry_generic
D:12:     special_room
D:13:     minmay_misc_feat_five
Temple:   cyrus_circular_temple
Lair:1:   beast_lair_carwin_large_1
Lair:2:   uniq_urug
Lair:3:   minmay_swamp_entry_worms, dummy_snake_entry, kennysheep_snail_temple,
          minmay_lair_oklob_chamber
Lair:4:   nicolae_volcano_entry_two_sided, grunt_megastairs_5
Lair:5:   minmay_slime_entry_pillars, infiniplex_staircase_pool
Lair:6:   minmay_lair_end_enchanted_forest, wad_woods_antlair,
          serial_bayou_shore_a, uniq_nessos
Orc:1:    minmay_orc_temple_a, uniq_josephine, uniq_snorg, uniq_erolcha
Orc:2:    pf_orc_diabolical, uniq_sonja
Lab:      nicolae_lab_do_over, nicolae_lab_t_cross, nicolae_lab_checkerboard,
          labyrinth_lava_lair, nicolae_lab_flowing_pool, labyrinth_fake_exit,
          nicolae_lab_swirl, nicolae_lab_grate_2, labyrinth_skeletal_remains,
          nicolae_lab_big_swirl

Skill      XL: |  1  2  3  4  5  6  7  8  9 10 11 12 13 14 |
---------------+-------------------------------------------+-----
Polearms       | 3 4 5 6 7 8 9 10 11 12 13 14 | 14.6
Armour         | 1 2 3 4 5 6 8 9 |  9.1
Dodging        | 3 4 5 6 8 9 |  9.2
Fighting       | 4 5 7 8 9 10 11 | 11.1
Invocations    | 4 7 9 11 | 11.1
Stealth        | 5 |  5.0
Spellcasting   | 1 2 |  2.0
Charms         | 1 2 |  2.0
Air Magic      | 1 2 |  2.0
Translocations | 2 |  2.0
Transmutations | 2 |  2.0
Earth Magic    | 2 |  2.0

Action                   |  1- 3 |  4- 6 |  7- 9 | 10-12 | 13-15 || total
-------------------------+-------+-------+-------+-------+-------++-------
Melee: Spear             |   122 |   233 |   224 |       |       ||   579
       Kick              |       |       |   147 |   305 |   362 ||   814
       Trident           |       |       |   267 |   315 |       ||   582
       Halberd           |       |       |       |   635 |   767 ||  1402
       Glaive            |       |       |       |       |   393 ||   393
 Cast: Blink             |       |       |       |     1 |       ||     1
       Passwall          |       |       |       |       |     1 ||     1
Invok: Minor Destruction |       |     4 |    57 |    18 |    14 ||    93
       Lesser Servant of |       |       |     1 |    16 |    14 ||    31
       Major Destruction |       |       |       |     5 |     3 ||     8
       Greater Servant o |       |       |       |       |     4 ||     4
Evoke: Wand              |       |     7 |     2 |    17 |     8 ||    34
  Use: Scroll            |       |       |    11 |    15 |    15 ||    41
       Potion            |       |       |     2 |     2 |    11 ||    15
 Stab: Sleeping          |     8 |     2 |     6 |     6 |     3 ||    25
       Distracted        |       |       |     1 |     8 |     5 ||    14
  Eat: Chunk             |     3 |     7 |    19 |    35 |    31 ||    95
       Ration            |       |     1 |       |     3 |     4 ||     8
Armor: Robe              |     7 |       |       |       |       ||     7
       Scale mail        |    10 |    68 |   138 |   267 |   245 ||   728
       Chain mail        |       |       |       |    11 |   281 ||   292
Dodge: Dodged            |    63 |    79 |   210 |   536 |  1027 ||  1915

Table legend:
 A = Spawn XP
 B = Non-spawn XP
 C = Spawn XP percentage of total XP
 D = Spawn monster count
 E = Non-spawn monster count
 F = Spawn count percentage of total count
 G = Total turns spent on level
                    A         B        C        D         E        F      G
               +---------+---------+-------+---------+---------+-------+---------
         Total |       0 |   88717 |   0.0 |       0 |     614 |   0.0 | 38308
               +---------+---------+-------+---------+---------+-------+---------
           D:1 |       0 |      39 |   0.0 |       0 |      20 |   0.0 |   960
           D:2 |       0 |     123 |   0.0 |       0 |      16 |   0.0 |  1448
           D:3 |       0 |      83 |   0.0 |       0 |      13 |   0.0 |  1234
           D:4 |       0 |    1002 |   0.0 |       0 |      12 |   0.0 |  2039
           D:5 |       0 |     600 |   0.0 |       0 |      23 |   0.0 |  2207
           D:6 |       0 |     821 |   0.0 |       0 |      24 |   0.0 |  1127
           D:7 |       0 |    1226 |   0.0 |       0 |      22 |   0.0 |  1494
           D:8 |       0 |    4381 |   0.0 |       0 |      53 |   0.0 |  3107
           D:9 |       0 |    4103 |   0.0 |       0 |      39 |   0.0 |  2017
          D:10 |       0 |    6836 |   0.0 |       0 |      47 |   0.0 |  1935
          D:11 |       0 |    6710 |   0.0 |       0 |      54 |   0.0 |  1552
          D:12 |       0 |    5679 |   0.0 |       0 |      50 |   0.0 |  1130
          D:13 |       0 |     592 |   0.0 |       0 |       1 |   0.0 |    11
        Lair:1 |       0 |    5319 |   0.0 |       0 |      24 |   0.0 |  2142
        Lair:2 |       0 |    3431 |   0.0 |       0 |      13 |   0.0 |  2292
        Lair:3 |       0 |   10346 |   0.0 |       0 |      34 |   0.0 |  2929
        Lair:4 |       0 |    7669 |   0.0 |       0 |      20 |   0.0 |  2005
        Lair:5 |       0 |   14539 |   0.0 |       0 |      62 |   0.0 |  4618
        Lair:6 |       0 |   10587 |   0.0 |       0 |      50 |   0.0 |  2068
         Orc:1 |       0 |    2401 |   0.0 |       0 |      22 |   0.0 |   979
         Orc:2 |       0 |    1159 |   0.0 |       0 |      14 |   0.0 |   406
           Lab |       0 |    1071 |   0.0 |       0 |       1 |   0.0 |   558
               +---------+---------+-------+---------+---------+-------+---------
